 Dungeon Crawl Stone Soup version 0.19.1 (webtiles) character file.

779 HelpMeObiWan the Cleaver (level 7, -15/96 HPs)
             Began as a Minotaur Berserker on Dec 7, 2016.
             Was a Believer of Trog.
             Demolished by an ogre
             ... wielding a +0 giant club
              (19 damage)
             ... on level 4 of the Dungeon.
             The game lasted 00:03:22 (2755 turns).

HelpMeObiWan the Cleaver (Minotaur Berserker)       Turns: 2755, Time: 00:03:23

Health: -15/96     AC:  3    Str: 26    XL:     7   Next: 54%
Magic:  6/6        EV: 13    Int:  4    God:    Trog [**....]
Gold:   282        SH:  0    Dex: 12    Spells: 0 memorised, 6 levels left

rFire  . . .     SeeInvis .     a - +0 hand axe
rCold  . . .     Gourm    .     l - +0 leather armour
rNeg   . . .     Faith    .     (no shield)
rPois  .         Spirit   .     (helmet restricted)
rElec  .         Reflect  .     (no cloak)
rCorr  .         Harm     .     (no gloves)
MR     ++...                    (no boots)
Stlth  ..........               (no amulet)
                                (no ring)
                                (no ring)

@: berserking, lethally poisoned (-15 -> -15), regenerating, very quick
A: retaliatory headbutt, horns 2
a: Berserk, Trog's Hand, Burn Spellbooks, Renounce Religion


You were on level 4 of the Dungeon.
You worshipped Trog.
Trog was pleased with you.
You were very hungry.

You visited 1 branch of the dungeon, and saw 4 of its levels.

You collected 282 gold pieces.

Inventory:

Hand Weapons
 a - a +0 hand axe (weapon)
Armour
 l - a +0 leather armour (worn)
Wands
 m - a wand of paralysis (13/24)
 w - a wand of random effects (30/48)
Scrolls
 d - 6 scrolls of identify {unknown}
 f - 3 scrolls of noise {unknown}
 g - 4 scrolls of teleportation {unknown}
 i - 2 scrolls of remove curse {unknown}
 k - a scroll of enchant weapon {unknown}
 n - 2 scrolls of enchant armour {unknown}
 q - 2 scrolls of immolation {unknown}
 u - a scroll of blinking {unknown}
 v - a scroll of amnesia {unknown}
Potions
 b - a potion of brilliance {unknown}
 e - a potion of cure mutation {unknown}
 h - a potion of heal wounds {unknown}
 j - 3 potions of agility {unknown}
 p - 3 potions of curing {unknown}
 r - a potion of mutation {unknown}
 s - a potion of degeneration {unknown}
Comestibles
 c - 5 bread rations
 o - a meat ration
 t - 3 chunks of flesh


   Skills:
 + Level 6.4 Fighting
 + Level 8.1 Axes
 + Level 4.0 Armour
 + Level 3.7 Dodging


You had 6 spell levels left.
You didn't know any spells.

Dungeon Overview and Level Annotations

Branches:
Dungeon (4/15)
 Temple: D:4-7

Altars:
Ashenzari
Okawaru
Qazlal


Innate Abilities, Weirdness & Mutations

You reflexively headbutt those who attack you in melee.
You have a pair of horns on your head.


Message History

The ogre is moderately wounded.
The phantom blinks!
You slash the ogre!
The ogre is heavily wounded.
The ogre hits you with a giant club!!
You hit the ogre.
You headbutt the ogre, but do no damage.
The ogre is severely wounded.
The ogre hits you with a giant club!!
* * * LOW HITPOINT WARNING * * *
You are too injured to fight recklessly!
Okay, then.
A red film seems to cover your vision as you go berserk!
You feel yourself moving faster!
You feel mighty!
You are feeling very hungry.
The worker ant bites you!
* * * LOW HITPOINT WARNING * * *
You are poisoned.
The worker ant poisons you! The ogre hits you with a giant club!!
You die...

##........ .......#..
....$# .... ......## .
....##.... ##........
.......... #........
......... .........
....$.... ##.#......
#........ ##.##.....
#O..W..# #..#......
#@....## # .......#
##a.....##
##.........####.........
........................
.......[................
##+#..##..........##.$..
##..#..#..........#..##+
#......................
#...##......#..........


You could see a phantom, an ogre and a worker ant.

Vanquished Creatures
  Sigmund (D:4)
  The ghost of friendlybee the Ruffian, an amateur GrMo (D:3)
  Menkaure (D:4)
  A phantom (D:4)
  An ogre (D:4)
  A bullfrog zombie (D:3)
  A hound (D:4)
  Ijyb (D:2)
  Terence (D:2)
  3 adders
  An ooze (D:1)
  3 worms (D:2)
  3 dart slugs
  3 leopard geckos
  An orc (D:3)
  4 giant cockroaches
  7 hobgoblins
  3 jackals (D:3)
  2 quokkas
  4 ball pythons
  7 bats
  4 frilled lizards
  8 goblins
  7 kobolds
  4 rats
73 creatures vanquished.

Notes
Turn   | Place    | Note
-------+----------+-------------------------------------------
     0 | D:1      | HelpMeObiWan the Minotaur Berserker began the quest for the Orb.
     0 | D:1      | Reached XP level 1. HP: 19/19 MP: 0/0
   134 | D:1      | Reached XP level 2. HP: 21/27 MP: 1/1
   139 | D:1      | Reached skill level 4 in Axes
   416 | D:1      | Found a shattered altar of Ashenzari.
   668 | D:2      | Noticed Ijyb
   682 | D:2      | Killed Ijyb
   682 | D:2      | Reached XP level 3. HP: 8/34 MP: 2/2
  1199 | D:2      | Reached skill level 5 in Axes
  1204 | D:2      | Reached XP level 4. HP: 32/41 MP: 3/3
  1500 | D:2      | Noticed Terence
  1504 | D:2      | Killed Terence
  1504 | D:2      | Reached skill level 5 in Fighting
  1666 | D:2      | Reached ** piety under Trog
  1816 | D:3      | Noticed friendlybee's ghost (amateur GrMo)
  1840 | D:3      | Killed friendlybee's ghost
  1840 | D:3      | Reached skill level 6 in Axes
  1840 | D:3      | Reached XP level 5. HP: 49/49 MP: 4/4
  1975 | D:3      | Found a stormy altar of Qazlal.
  2093 | D:3      | Found a faded altar of an unknown god.
  2193 | D:3      | Reached XP level 6. HP: 56/56 MP: 5/5
  2577 | D:4      | Noticed Menkaure
  2581 | D:4      | Killed Menkaure
  2581 | D:4      | Reached skill level 7 in Axes
  2604 | D:4      | Reached XP level 7. HP: 25/63 MP: 6/6
  2686 | D:4      | Found an iron altar of Okawaru.
  2708 | D:4      | Noticed Sigmund
  2717 | D:4      | Killed Sigmund
  2717 | D:4      | Reached skill level 8 in Axes
  2755 | D:4      | HP: 4/96 [worker ant (7)]
  2755 | D:4      | Demolished by an ogre

Skill      XL: |  1  2  3  4  5  6  7 |
---------------+----------------------+-----
Fighting       | 4 5 6 |  6.4
Axes           | 4 5 6 7 8 |  8.1
Armour         | 3 4 |  4.0
Dodging        | 3 |  3.7

Action                   |  1- 3 |  4- 6 |  7- 9 || total
-------------------------+-------+-------+-------++-------
Melee: Hand axe          |    52 |   108 |    28 ||   188
       Headbutt          |     8 |    23 |     9 ||    40
Invok: Berserk           |     1 |     2 |     2 ||     5
       Trog's Hand       |       |     3 |     3 ||     6
  Eat: Chunk             |     2 |     6 |     3 ||    11
Armor: Animal skin       |     6 |       |       ||     6
       Leather armour    |     6 |    17 |     5 ||    28
Dodge: Dodged            |    28 |    79 |    13 ||   120
